cohdb
Replays
Latest Replays
All Replays
Popular Replays
Top Player Replays
Match Explorer
How It Works
Community
CoH3 Stats
Reddit
Sign in to upload your games and track your stats! →
Sign in with Steam
Match 43339997
Unlisted
Match 43339997
Overview
Messages
Build Orders
End
Construct Section Command Post
Infantry Section
Infantry Section
Infantry Section
Infantry Section
Selects Air and Sea Battlegroup
Selects Supply Surplus
Construct Field Infirmary
Construct Platoon Command Post
6-pounder Anti-tank Gun Team
Selects Commando Section Paradrop
Selects UNKNOWN (223837)
Construct Resource Cache
Construct Resource Cache
Construct Company Command Post
Selects Commando Support Section Paradrop
Crusader II Medium Tank
Infantry Training
Selects Assault Flares
Crusader II Medium Tank
Construct Field Infirmary
Armored Vehicle Training
不吃芹菜
MY:OATZ
56512543
HolyMolyEmpire
MrGlaucus
WastedMetalProductions
Prof. Dr. Redbullet (GER)
KIMCHISM
0
0
Comments
sign in to comment!
No comments posted yet!